 Dungeon Crawl Stone Soup version 0.17.1-2-g5865329 (webtiles) character file.

45 ololoev the Magician (level 3, -1/19 HPs)
             Began as a Deep Elf Fire Elementalist on Jan 21, 2016.
             Slain by a worm (9 damage)
             ... on level 5 of the Dungeon.
             The game lasted 00:05:04 (517 turns).

ololoev the Magician (Deep Elf Fire Elementalist)    Turns: 517, Time: 00:05:04

Health: -1/19      AC:  3    Str:  5    XL:     3   Next: 42%
Magic:  6/10       EV: 13    Int: 20    God:
Gold:   62         SH:  0    Dex: 15    Spells: 2 memorised, 5 levels left

rFire  . . .     SeeInvis .     a - +0 hand axe (venom)
rCold  . . .     Clarity  .     d - +0 robe
rNeg   . . .     SustAt   .     (no shield)
rPois  .         Gourm    .     (no helmet)
rElec  .         Spirit   .     (no cloak)
rCorr  .         Warding  .     e - +0 pair of gloves
rMut   .         Stasis   .     (no boots)
MR     .....                    (no amulet)
Stlth  ++........               (no ring)
                                (no ring)

@: not resistant to hostile enchantments, unstealthy
A: no striking features
a: no special abilities

Inventory:

Hand Weapons
 a - a +0 hand axe of venom (weapon)
Missiles
 i - 6 curare-tipped needles
Armour
 d - a +0 robe (worn)
 e - a +0 pair of gloves (worn)
Scrolls
 j - a scroll of identify {unknown}
Potions
 g - a potion of magic {unknown}
 h - 2 potions of degeneration {unknown}
 k - a potion of heal wounds {unknown}
 l - a potion of berserk rage {unknown}
Books
 b - a book of Flames

   Spells                             Type                      Level
   a - Flame Tongue                   Conjuration/Fire             1
   b - Throw Flame                    Conjuration/Fire             2
   c - Conjure Flame                  Conjuration/Fire             3
   d - Inner Flame                    Hexes/Fire                   3
   e - Sticky Flame                   Conjuration/Fire             4
   f - Fireball                       Conjuration/Fire             5
Comestibles
 c - a bread ration
 f - a meat ration


   Skills:
 + Level 2.8 Dodging
 + Level 3.1 Stealth
 + Level 3.8 Spellcasting
 + Level 1.9 Conjurations
 + Level 3.5 Fire Magic


You had 5 spell levels left.
You knew the following spells:

 Your Spells              Type           Power        Failure   Level  Hunger
a - Flame Tongue          Conj/Fire      ##...        4%          1    None
b - Conjure Flame         Conj/Fire      ##......     14%         3    ###....


You were on level 5 of the Dungeon.
You were not hungry.

You visited 1 branch of the dungeon, and saw 6 of its levels.

You collected 62 gold pieces.

.# .$ ..# ..
.#...........
#.#########.#..........#
#......................#
#.............(.......#
#.........##..........#
#.........##...........
#.........##..........#
#....w@...##...........
##########............#
........#..###.###.#
########...# #.# #.#
#..### #.# #.. #...# #.#
##. ....## #.# ## .....#
... # .....# ...

Notes
Turn   | Place    | Note
--------------------------------------------------------------
     0 | D:1      | ololoev the Deep Elf Fire Elementalist began the quest for the Orb.
     0 | D:1      | Reached XP level 1. HP: 10/10 MP: 6/6
    46 | D:1      | Reached XP level 2. HP: 12/15 MP: 0/8
   290 | D:3      | Reached XP level 3. HP: 6/19 MP: 7/10
   295 | D:3      | Learned a level 3 spell: Conjure Flame
   425 | D:5      | Entered Level 5 of the Dungeon
   468 | D:6      | Noticed a big kobold
   517 | D:5      | Slain by a worm

Dungeon Overview and Level Annotations

Branches:
Dungeon (6/15)
 Temple: D:4-7

Altars:


Message History

a short sword; 4 stones
Found a fuming red potion.
l - a fuming red potion A worm comes into view.
Found 12 gold pieces.
Casting: Flame Tongue
Confirm with . or Enter, or press ? or * to list all spells.
Aiming: Flame Tongue
Press: ? - help, Shift-Dir - straight line, f - worm
Aim: a worm (resting)
The flame tongue hits the worm.
The worm is moderately wounded.
Casting: Flame Tongue
Confirm with . or Enter, or press ? or * to list all spells.
Aiming: Flame Tongue
Press: ? - help, Shift-Dir - straight line, f/p - worm
Aim: a worm (moderately wounded)
The flame tongue hits the worm.
The worm is heavily wounded.
Casting: Flame Tongue
Confirm with . or Enter, or press ? or * to list all spells.
Aiming: Flame Tongue
Press: ? - help, Shift-Dir - straight line, f/p - worm
Aim: a worm (moderately wounded)
The flame tongue hits the worm.
The worm is almost dead.
Casting: Flame Tongue
Confirm with . or Enter, or press ? or * to list all spells.
Aiming: Flame Tongue
Press: ? - help, Shift-Dir - straight line, f/p - worm
Aim: a worm (severely wounded)
The flame tongue hits the worm.
The worm appears unharmed.
The worm is severely wounded.
You barely miss the worm.
The worm is severely wounded.
The worm closely misses you.
You barely miss the worm.
The worm is severely wounded.
The worm bites you!
You die...

You could see a worm.

Vanquished Creatures
  A shadow imp (D:5)
  A worm (D:3)
  3 giant geckos
  2 orcs
  3 ball pythons
  A giant cockroach (D:1)
  2 goblins (D:3)
  5 hobgoblins
  2 jackals (D:1)
  3 kobolds
  A quokka (D:3)
  A bat (D:3)
  A giant newt (D:3)
26 creatures vanquished.

Action                   || total
-------------------------++-------
Melee: Unarmed           ||    12
       Hand axe          ||    21
       Dagger            ||     7
 Cast: Flame Tongue      ||    34
 Stab: Sleeping          ||     3

Vault maps used:
D:1:      zaba_arrival_water
D:2:      nicolae_underground_beach
D:3:      gammafunk_temple_overflow_elements, uniq_jessica
D:4:      first_bread, serial_shops, nicolae_shop_behind_doors, uniq_eustachio
D:6:      uniq_pikel
